 Dungeon Crawl Stone Soup version 0.19.1 (webtiles) character file.

107 danny2772 the Cutter (level 5, -2/34 HPs)
             Began as a Halfling Warper on Nov 28, 2016.
             Killed by nerve-wracking pain
             ... invoked by Jessica
              (8 damage)
             ... on level 3 of the Dungeon.
             The game lasted 00:16:43 (3241 turns).

danny2772 the Cutter (Halfling Warper)              Turns: 3241, Time: 00:16:43

Health: -2/34      AC:  9    Str: 12    XL:     5   Next: 10%
Magic:  7/7        EV: 12    Int: 12    God:
Gold:   156        SH:  0    Dex: 18    Spells: 2 memorised, 3 levels left

rFire  x . .     SeeInvis .     a - +0 short sword {1}
rCold  + . .     Gourm    .     q - +0 scale mail
rNeg   . . .     Faith    .     (shield restricted)
rPois  .         Spirit   .     m - +0 helmet
rElec  .         Reflect  .     (no cloak)
rCorr  .         Harm     .     g - +1 pair of gloves
MR     .....                    (no boots)
Stlth  ..........               (no amulet)
                                E - ring of ice
                                j - +4 ring of dexterity

@: no status effects
A: mutation resistance 1
a: no special abilities


You were on level 3 of the Dungeon.
You were not hungry.

You visited 1 branch of the dungeon, and saw 3 of its levels.

You collected 156 gold pieces.

Inventory:

Hand Weapons
 a - a +0 short sword (weapon) {1}
 e - a +0 mace
 f - a +0 club
 h - a +0 club
 i - a +0 club
 k - a +0 club
 l - a +0 dagger
 n - a +0 club
 o - a +0 hand axe
 t - a +0 club
 u - a +0 hand axe
 x - a +0 club
 y - a +0 hunting sling
 A - a +0 quarterstaff
 B - a +0 trident
 C - a +2 dagger of venom
 D - a +3 hunting sling
 F - a +0 short sword
 G - a +0 short sword
Missiles
 w - 76 stones (quivered)
 H - a throwing net
Armour
 b - a +0 leather armour
 g - a +1 pair of gloves (worn)
 m - a +0 helmet (worn)
 q - a +0 scale mail (worn)
Jewellery
 j - a +4 ring of dexterity (left hand)
 E - a ring of ice (right hand)
Scrolls
 r - a scroll of enchant weapon {unknown}
 v - a scroll of teleportation
 z - 2 scrolls of fog {unknown}
Potions
 d - 2 potions of curing {unknown}
 I - a potion of cure mutation {unknown}
Books
 c - a book of Spatial Translocations

   Spells                             Type                      Level
   a - Blink                          Translocation                2
   b - Shroud of Golubria             Charms/Translocation         2
   c - Lesser Beckoning               Translocation                3
   d - Portal Projectile              Translocation                3
   e - Teleport Other                 Translocation                3
   f - Passage of Golubria            Translocation                4
Comestibles
 p - 2 royal jellies
 s - a bread ration


   Skills:
 + Level 2.1 Fighting
 + Level 3.6 Short Blades
 + Level 1.2 Throwing
 + Level 2.1 Armour
 + Level 2.9 Dodging
 + Level 1.9 Spellcasting
 + Level 0.7 Charms
 + Level 3.5 Translocations


You had 3 spell levels left.
You knew the following spells:

 Your Spells              Type           Power        Failure   Level  Hunger
a - Blink                 Tloc           N/A          52%         2    ###....
b - Shroud of Golubria    Chrm/Tloc      #.........   86%         2    ###....


Dungeon Overview and Level Annotations

Branches:
Dungeon (3/15)

Altars:
Trog

Annotations:
D:3 Jessica


Innate Abilities, Weirdness & Mutations

You are small and have problems with some larger weapons.
You are somewhat resistant to further mutation.


Message History

Jessica hits you but does no damage.
You hit Jessica.
Jessica is severely wounded.
Jessica mumbles some strange words.
Jessica blinks!
Jessica points at you and mumbles some strange words.
Pain shoots through your body!
Jessica casts a spell.
Jessica blinks!
Jessica casts a spell at you. Pain shoots through your body!
* * * LOW HITPOINT WARNING * * *
Jessica gestures wildly while chanting.
Jessica seems to speed up.
Jessica points at you and mumbles some strange words.
Pain shoots through your body!
* * * LOW HITPOINT WARNING * * *
Jessica casts a spell at you. Pain shoots through your body!
You die...

###...## ..#
.).....####.#######
####._............##
#...............##
###..............#
#..............#
#...........@..#
#..............#
#..........@...#
##............##
##..........##
############


You could see Jessica.

Vanquished Creatures
  An adder (D:2)
  A gnoll (D:1)
  2 worms
  4 dart slugs
  A leopard gecko (D:3)
  An orc (D:3)
  8 bats
  6 giant cockroaches
  8 goblins
  5 hobgoblins
  8 jackals (D:2)
  2 quokkas
  5 frilled lizards
  7 kobolds
  6 rats
65 creatures vanquished.

Notes
Turn   | Place    | Note
-------+----------+-------------------------------------------
     0 | D:1      | danny2772 the Halfling Warper began the quest for the Orb.
     0 | D:1      | Reached XP level 1. HP: 14/14 MP: 3/3
   153 | D:1      | Reached XP level 2. HP: 13/19 MP: 4/4
   177 | D:1      | Learned a level 2 spell: Blink
   180 | D:1      | Learned a level 2 spell: Shroud of Golubria
   790 | D:1      | Reached XP level 3. HP: 12/24 MP: 5/5
  1799 | D:2      | Reached XP level 4. HP: 15/29 MP: 6/6
  2553 | D:2      | Found a faded altar of an unknown god.
  2969 | D:3      | Reached XP level 5. HP: 24/34 MP: 7/7
  3187 | D:3      | Found a bloodstained altar of Trog.
  3218 | D:3      | Noticed Jessica
  3241 | D:3      | Killed from afar by Jessica

Skill      XL: |  1  2  3  4 |
---------------+-------------+-----
Fighting       | 2 |  2.1
Short Blades   | 3 |  3.6
Armour         | 2 |  2.1
Throwing       | |  1.2
Dodging        | |  2.9
Spellcasting   | |  1.9
Charms         | |  0.7
Translocations | |  3.5

Action                   |  1- 3 |  4- 6 || total
-------------------------+-------+-------++-------
Melee: Short sword       |   152 |   169 ||   321
Throw: Tomahawk          |       |     5 ||     5
       Stone             |       |     2 ||     2
 Cast: Shroud of Golubri |     2 |     1 ||     3
       Blink             |     2 |       ||     2
  Use: Scroll            |       |     3 ||     3
       Potion            |       |     1 ||     1
  Eat: Bread ration      |     1 |       ||     1
       Meat ration       |       |     1 ||     1
Armor: Leather armour    |    40 |       ||    40
       Scale mail        |    44 |   115 ||   159
       Skin              |       |     4 ||     4
Dodge: Dodged            |   185 |   186 ||   371
